AoeStats
← TheGl0ryH0leFinder

Arabia

509332198Analyzed
2v2 RM · 8d ago on Sep 26, 2026· 45m 57s· 4 players
Game mode
Random Map
Map size
Medium (4 player)
Population
200
Speed
Normal
Resources
Standard
Victory
Conquest
Starting age
Dark Age
Ending age
Imperial Age
RankedLock teamsTeams togetherTeam positionsShared explorationLock speedFull tech treeHidden civsTurbo modeCheats
Victory
Defeat
🇬🇧 Ethiopians · United Kingdom
1147
+17
🇬🇧 Varangians · United Kingdom
1147
+17
🇨🇦 Japanese · Canada
1170
-17
🇫🇷 Bengalis · France
1166
-17
TheGl0ryH0leFinder
6:59 Loom
10:04 Feudal Age
10:34 Double-Bit Axe
14:09 Bloodlines
17:30 Horse Collar
21:21 Forging
25:02 Castle Age
23:26 Scale Barding Armor
24:37 Gold Mining
25:51 Husbandry
26:26 Bow Saw
28:04 Wheelbarrow
27:59 Chain Barding Armor
28:32 Town Watch
29:57 Iron Casting
31:44 Hand Cart
33:17 Padded Archer Armor
33:08 Fletching
34:36 Squires
34:21 Arson
39:39 Imperial Age
37:20 Elite Skirmisher
37:58 Bodkin Arrow
38:18 Leather Archer Armor
40:06 Ballistics
41:38 Two-Man Saw
40:17 Cavalier
41:32 Conscription
40:39 Vendel Legacy
43:09 Chemistry
42:22 Fortified Wall
42:40 Bracer
43:11 Ring Archer Armor
43:18 Stone Mining
44:38 Onager
46:08 Plate Barding Armor
46:30 Heavy Plow
Faust
10:29 Feudal Age
8:45 Loom
16:43 Gold Mining
17:06 Horse Collar
17:19 Double-Bit Axe
18:41 Fletching
24:33 Castle Age
22:41 Horse Collar
23:59 Stone Mining
24:41 Crossbowman
25:28 Padded Archer Armor
29:00 Bodkin Arrow
29:21 Leather Archer Armor
31:05 Ballistics
34:49 Imperial Age
34:34 Wheelbarrow
33:45 Town Watch
35:59 Thumb Ring
36:02 Arbalester
38:36 Hand Cart
38:22 Town Patrol
39:16 Stone Shaft Mining
40:57 Bracer
41:27 Ring Archer Armor
40:44 Elite Skirmisher
42:58 Chemistry
Addicted8763
0:34 Loom
9:41 Feudal Age
10:03 Man-at-Arms
22:32 Double-Bit Axe
26:55 Castle Age
26:00 Fletching
26:10 Padded Archer Armor
29:15 Elite Skirmisher
35:10 Wheelbarrow
35:16 Bodkin Arrow
37:21 Bow Saw
37:04 Horse Collar
39:21 Hand Cart
41:24 Leather Archer Armor
43:23 Thumb Ring
van_de
6:28 Loom
9:22 Feudal Age
10:11 Double-Bit Axe
10:08 Horse Collar
26:51 Castle Age
25:23 Fletching
25:34 Padded Archer Armor
27:53 Bow Saw
27:44 Heavy Plow
27:50 Bodkin Arrow
28:49 Leather Archer Armor
28:37 Pikeman
32:47 Gold Mining
36:33 Ballistics
Connection lost

Rejoining the realm…

Still unreachable

The connection could not be restored.

Session expired

The server has moved on; the page needs a fresh start.